FIQ, chaotic male elven Wizard #################### ---------------------------------# .................................# #+ |.----....-----.----|--..-----..|# ### |.|..|---.|.%.|.-..|..|..|(((|..|#####+ |.|..|($|.|._..[|.(|..|..|(((|..|### d |.-|-|($|[|..[|.--------.|...|..|# @ |....|..|.|...|*...-.$/|.-|---..|# # |.{..-|--.----|....|.//|........|### # |..........-..|+--.-----..-----.|# # # |....-|--..|..| |........-...|.|# ### # --------- |.-+-|..|.----| ||---....|...|..# # ### |.........- ..| |..|.|.$!|--|...|---.-----.| ### # |.. |.| |---)-.$?|..|...| +.......| # --.-- | |.| |..[.|.?*|..|...| |.......| ### |...| |.----....-----|---------.....{.| # |...| |...............................| ##....| --------------------------------- ----- FIQ the Thaumaturge Experience level: 7 Strength: 13 Dexterity: 11 Constitution: 14 Intelligence: 17 Wisdom: 21 Charisma: 8 Health: 0(46) Energy: 117(119) Def: 5 Gold: 102 Moves: 12092 Dungeon seed: a9DbIG9O1wk5B_Q9 Game ID: FIQ_1465139969 Your Inventory: Coins $ - 102 gold pieces Weapons a - the uncursed rustproof +0 Magicbane (weapon in hand) Armor e - a blessed +0 cloak of magic resistance (being worn) r - an uncursed +0 orcish helm (being worn) E - an uncursed +2 pair of elven boots (being worn) Comestibles h - 3 uncursed tripe rations k - 2 uncursed carrots m - 2 uncursed sprigs of wolfsbane x - an uncursed slime mold F - 6 uncursed lembas wafers G - 2 uncursed pancakes Q - an uncursed orange Scrolls n - a blessed scroll of enchant weapon q - an uncursed scroll of enchant weapon s - an uncursed scroll of destroy armor C - a cursed scroll of identify R - 2 uncursed scrolls of identify Rings U - an uncursed ring of warning W - an uncursed +1 ring of gain constitution Wands d - an uncursed wand of striking (0:4) i - an uncursed wand of locking (0:1) S - an uncursed wand of digging (0:3) Tools b - an uncursed sack w - an uncursed magic whistle H - an uncursed tooled horn Y - an uncursed skeleton key Spells and supernatural/magical abilities: Name Level Category Fail Memory a - force bolt 1 attack 0% 40% h - healing 1 healing 0% 40% k - knock 1 matter 0% 98% m - magic missile 2 attack 0% 99% o - cone of cold 4 attack 1% 44% W - pray for help -- divine ? -- Your skills at the end: Miscellaneous Skills wands [Basic] Weapon Skills dagger [Basic] quarterstaff [Basic] Spellcasting Skills attack spells [Skilled] enchantment spells [Basic] Final Attributes: You were piously aligned. You were fire resistant. You were sleep resistant. You were magic-protected. You were stunned. You were telepathic. You had infravision. You were stealthy. You are dead. Vanquished creatures: a large cat a leather golem an orc-captain a rope golem 4 soldier ants 5 rock piercers 3 ponies a yellow light a gnome lord 2 gnomish wizards a kobold mummy 3 gray oozes 5 elf zombies a straw golem 7 giant ants 2 floating eyes 5 dwarves 10 iguanas 7 rothes 2 centipedes 5 giant bats 2 monkeys 6 dwarf zombies 4 wererats 3 werejackals 3 killer bees 3 coyotes a gas spore 4 hobbits 2 acid blobs a large kobold 10 geckos 2 hobgoblins 9 giant rats 4 cave spiders a yellow mold a green mold 11 gnomes 6 manes a gnome zombie 22 jackals 3 foxes a kobold 10 newts 3 goblins 3 sewer rats 11 grid bugs 6 bats 12 lichens 2 kobold zombies 215 creatures vanquished. Voluntary challenges: You used a wielded weapon 178 times, starting on turn 58. You did not apply a unicorn horn. You read items or engraved 33 times, starting on turn 153. You never genocided any monsters. You never polymorphed an object. You never changed form. You used no wishes. You never split a pudding. You wrote Elbereth's name 3 times, starting on turn 11526. You never violated your personal moral code. Dungeon overview: The Dungeons of Doom: levels 1 to 4 Level 1 a fountain a long staircase Level 2 Level 3 an altar to Anhur Level 4 a fountain stairs to The Gnomish Mines The Gnomish Mines: levels 5 to 7 Level 5 stairs to The Dungeons of Doom Level 7 <- You were here many shops, a temple to Anhur, a magic chest, some fountains History has recorded: On T:1 you entered the Dungeons of Doom to retrieve the Amulet of Yendor! On T:443 you reached level 2 of The Dungeons of Doom. On T:739 you reached level 3 of The Dungeons of Doom. On T:1025 you advanced to experience level 2. On T:1490 you reached level 4 of The Dungeons of Doom. On T:1611 you advanced to experience level 3. On T:2209 you advanced to experience level 4. On T:3240 you advanced to experience level 5. On T:5916 you advanced to experience level 6. On T:10184 you advanced to experience level 7. On T:10931 you received Magicbane from Anhur. On T:11288 you reached level 1 of The Gnomish Mines. On T:11381 you reached level 3 of The Gnomish Mines. On T:11654 you entered the Minetown temple On T:11851 you opened a magic chest. On T:11854 you opened a magic chest. On T:11855 you opened a magic chest. On T:11857 you opened a magic chest. On T:11858 you opened a magic chest. On T:11859 you opened a magic chest. On T:11860 you opened a magic chest. On T:11860 you opened a magic chest. Score breakdown: Gold: 102 ( 10 points) Experience: 7 levels ( 600 points) Exploration: 7 levels ( 180 points) Discoveries: 14 items ( 700 points) Variety of kills: 50 monsters ( 2000 points) Major goal: reached Minetown ( 500 points) Survival: died (score multiplied by 3) Total score: 11970 Latest messages: There are several objects here. The spell hits the large cat! You kill the large cat! You hear rumbling in the distance. You finish searching. This door is locked. WHAMMM!!! (2x) You kick the door. KABOOM!! The door was booby-trapped! You stagger... The large dog bites! (3x) The large dog bites! You feel strong! You must have been exercising. Sparks fly as you whack the wall. The large dog bites! (2x) You begin praying to Anhur. The large dog bites! You die... The sack is empty. The sack is empty. Final status: Goodbye FIQ the Wizard, killed by a large dog, while praying... You died in The Gnomish Mines on dungeon level 7 with 11970 points, and 102 pieces of gold, after 12092 moves. You were level 7 with a maximum of 46 hit points when you died.